 Dungeon Crawl Stone Soup version 0.30-a0-1053-gbd8d5ba0ad (webtiles) character file.

Game seed: 5195521550256124822

109 domi the Digger (level 5, 0/38 HPs)
             Began as a Meteoran Earth Elementalist on Apr 12, 2023.
             Slain by a river rat (1 damage)
             ... in a sewer.
             The game lasted 00:02:34 (398 turns).

domi the Digger (Meteoran Earth Elementalist)        Turns: 398, Time: 00:02:35

Health: 0/38       AC:  2    Str: 10    XL:     5   Next: 36%
Magic:  9/10       EV: 12    Int: 18    God:
Gold:   35         SH:  0    Dex: 14    Spells: 8/9 levels left

rFire   . . .      SeeInvis .    h - +0 mace
rCold   . . .      Faith    .    (no shield)
rNeg    . . .      Spirit   .    a - +0 robe
rPois   .          Reflect  .    (no helmet)
rElec   .          Rampage  .    (no cloak)
rCorr   .                        (no gloves)
Will    .....                    (no boots)
Stlth   +                        (no amulet)
HPRegen 0.26/turn                (no ring)
MPRegen 0.12/turn                (no ring)

@: glowing
A: sense surroundings 1, otherworldly, glowing, explore regen
a: no special abilities


You were in a sewer.
You visited 1 branch of the dungeon, and saw 3 of its levels.
You also visited: Sewer.

You collected 35 gold pieces.

Inventory:

Hand Weapons
 h - a +0 mace (weapon)
   (You found it on level 2 of the Dungeon)
Armour
 a - a +0 robe (worn)
Scrolls
 c - a scroll of enchant weapon {unknown}
 e - a scroll of amnesia {unknown}
 f - a scroll of identify {unknown}
 i - a scroll of immolation {unknown}
Potions
 d - 2 potions of cancellation {unknown}
 g - a potion of mutation {unknown}
 j - a potion of lignification {unknown}
 k - a potion of invisibility {unknown}
 l - 2 potions of haste {unknown}


   Skills:
 - Level 2.4 Dodging
 - Level 1.4 Stealth
 - Level 2.6 Spellcasting
 - Level 1.2 Transmutations
 + Level 6.5 Earth Magic


You had 8 spell levels left.
You knew the following spells:

 Your Spells              Type           Power      Damage    Failure   Level
z - Sandblast             Erth           52%        2d12      1%          1

Your spell library contained the following spells:

 Spells                   Type           Power      Damage    Failure   Level
 Passwall                 Tmut/Erth      13%        N/A       5%          2
 Stone Arrow              Conj/Erth      28%        3d8       13%         3
 Cigotuvi's Dreadful Rot  Necr/Pois/Air  4%         N/A       26%         2
 Petrify                  Tmut/Erth      16%        N/A       34%         4
 Ignite Poison            Fire/Tmut/Pois 3%         N/A       41%         3
 Freezing Cloud           Conj/Ice/Air   1%         6-21      99%         5


Dungeon Overview and Level Annotations

Branches:
Dungeon (3/15) Zot: 1502    Sewer (1/1) Zot: 426

Altars:


Innate Abilities, Weirdness & Mutations

You passively map a small area around you.
You are easily found by Zot.
You glow in the dark.
You regain HP and MP as you explore.


Message History

Moving in this stuff is going to be slow.
You enter the shallow water.
Moving in this stuff is going to be slow.
You enter the shallow water.
Moving in this stuff is going to be slow.
A frilled lizard comes into view.
The frilled lizard hisses angrily.
You enter the shallow water.
Moving in this stuff is going to be slow.
A giant cockroach comes into view.
Aim: a frilled lizard (72% to hit)
The blast of sand hits the frilled lizard!
You kill the frilled lizard!
Aim: a giant cockroach (83% to hit)
The blast of sand hits the giant cockroach!
You kill the giant cockroach!
You enter the shallow water.
Moving in this stuff is going to be slow.
You enter the shallow water.
Moving in this stuff is going to be slow.
You open the large door.
There is a large open door here.
You now have 12 gold pieces.
You now have 17 gold pieces (gained 5).
You now have 26 gold pieces (gained 9).
You now have 35 gold pieces (gained 9).
There is a large open door here.
You open the large door.
There is a large open door here.
k - a fizzy puce potion
l - 2 dark potions
There is a large open door here.
Found two gates leading back out of this place.
You open the large door. 2 adders come into view.
The adder hisses angrily. x2
An adder comes into view.
The adder moves out of view.
Aim: an adder (72% to hit)
The blast of sand misses the adder.
The adder bites you but does no damage. The adder closely misses you.
The adder barely misses you. x2
Aim: an adder (72% to hit)
The blast of sand hits the adder!
You kill the adder!
The adder bites you. The adder closely misses you.
You have reached level 5!
Aim: an adder (72% to hit)
The blast of sand hits the adder.
The adder closely misses you. The adder misses you.
The adder barely misses you. The adder bites you.
Aim: an adder (heavily wounded, 72% to hit)
The blast of sand hits the adder!!
You kill the adder!
The adder bites you. The adder barely misses you.
Aim: an adder (72% to hit)
The blast of sand hits the adder.
The adder bites you.
You are poisoned.
The adder poisons you! The adder bites you but does no damage.
Aim: an adder (heavily wounded, 72% to hit)
The blast of sand hits the adder!
You kill the adder!
You feel very sick.
You can't see any susceptible monsters within range! (Use Z to cast anyway.)
You feel sick.
There is a large open door here.
You feel sick.
You feel sick.
You open the large door. 4 river rats come into view.
You feel sick.
Aim: a river rat (81% to hit)
The blast of sand hits the river rat!
You feel sick.
You are no longer poisoned.
The river rat bites you. x2; The river rat barely misses you.
Aim: a river rat (severely wounded, 81% to hit)
The blast of sand hits the river rat but does no damage.
The river rat bites you. x2
Aim: a river rat (severely wounded, 81% to hit)
The blast of sand hits the river rat.
You kill the river rat!
The river rat bites you.
* * * LOW HITPOINT WARNING * * *
The river rat bites you but does no damage.
The river rat completely misses you.
Aim: a river rat (81% to hit)
The blast of sand hits the river rat!
The river rat bites you.
* * * LOW HITPOINT WARNING * * *
You aren't carrying any items that you can evoke.
Unknown command.
Magic courses through your body. The river rat bites you.
* * * LOW HITPOINT WARNING * * *
The river rat bites you but does no damage.
The river rat bites you.
* * * LOW HITPOINT WARNING * * *
Aim: a river rat (severely wounded, 81% to hit)
The blast of sand misses the river rat.
The river rat barely misses you. The river rat completely misses you.
The river rat barely misses you. The river rat bites you.
* * * LOW HITPOINT WARNING * * *
The river rat closely misses you. The river rat bites you.
You die...

*, ~ ~~ ~ ,~ ~ ~ ~ ~ ~ ~ ~≈≈.≈. ~
~ ,~ ~ ~~≈~ ~ ** **** ** * **#~≈~
~~ ###### ###### #~≈. #....#
#..?!# #~≈.
#####''#####''#####~≈†
#∩....†.........~~~~~. #.≈~#
#∩...@r.........~.~~~. #~≈~#
#####rr#####''#####~≈~ #~≈~#
....# #....# #~≈. #~≈~# ######
###### #~≈~
####~≈~#######################~≈~
~~~~†~~~~~.~†~.~.~~~~~~~~~...~~≈~
≈≈≈≈≈≈≈≈≈≈≈≈≈≈≈≈≈≈≈≈≈≈≈≈≈≈≈≈≈≈≈≈~
.~~~~~~~~..~..~~†.~~~~†~.~.~~.~~~
#################################


You could see 3 river rats.

Vanquished Creatures
  4 adders
  3 river rats
  5 worms
  4 ball pythons
  3 endoplasms
  4 giant cockroaches
  3 quokkas
  5 bats (Sewer)
  A frilled lizard (Sewer)
  3 rats (D:3)
35 creatures vanquished.

Notes
Turn   | Place    | Note
-------+----------+-------------------------------------------
     0 | D:1      | domi the Meteoran Earth Elementalist began the quest for
                  | the Orb.
     0 | D:1      | Reached XP level 1. HP: 14/14 MP: 5/5
    93 | D:2      | Reached skill level 4 in Earth Magic
    93 | D:2      | Reached XP level 2. HP: 20/20 MP: 4/6
   172 | D:3      | Reached XP level 3. HP: 26/26 MP: 6/8
   238 | D:3      | Reached skill level 5 in Earth Magic
   254 | D:3      | Reached XP level 4. HP: 12/33 MP: 0/9
   261 | D:3      | Found a glowing drain.
   265 | Sewer    | Entered a sewer
   323 | Sewer    | Reached skill level 6 in Earth Magic
   385 | Sewer    | Reached XP level 5. HP: 36/38 MP: 7/10
   396 | Sewer    | HP: 8/38 [river rat (3)]
   398 | Sewer    | HP: 1/38 [river rat (4)]
   398 | Sewer    | Slain by a river rat

Illustrated notes

Levels and vault maps discovered:
D:1:      shiori_arrival_oz, layout_basic
D:2:      layout_rooms, basic_altar, minmay_crystal_water,
          nicolae_concentric_dashed_squares_mild
D:3:      layout_basic, gup_sewer_entry_spiral, uniq_crazy_yiuf_cottage
Sewer:    sewer_fruit_machine

Skill      XL: |  1  2  3  4 |
---------------+-------------+-----
Earth Magic    | 4 5 6 |  6.5
Dodging        | |  2.4
Stealth        | |  1.4
Spellcasting   | |  2.6
Transmutations | |  1.2

Action                     |  1- 3 |  4- 6 || total
---------------------------+-------+-------++-------
  Melee: Mace              |     3 |     4 ||     7
   Cast: Sandblast         |    23 |    33 ||    56
    Use: Potion            |       |     1 ||     1
 Armour: Robe              |     2 |     9 ||    11
  Dodge: Dodged            |     7 |    22 ||    29

Table legend: (Time is in decaauts)
 A = Elapsed time spent in this place.
 B = Non-inter-level travel time spent in this place.
 C = Inter-level travel time spent in this place.
 D = Time resting spent in this place.
 E = Time spent auto-exploring this place.
 F = Levels seen in this place.
 G = Mean time per level.
                   A        B        C        D        E       F      G
               +--------+--------+--------+--------+--------+-----+--------+
         Total |    469 |    469 |      0 |      0 |      0 |   4 |  117.2 |
       Dungeon |    297 |    297 |      0 |      0 |      0 |   3 |   99.0 |
         Sewer |    172 |    172 |      0 |      0 |      0 |   1 |  172.0 |
               +--------+--------+--------+--------+--------+-----+--------+

Top non-repeatable levels by time:
   Sewer: 172 daAuts
     D:3: 149 daAuts
     D:2: 76 daAuts
     D:1: 71 daAuts

Table legend:
 A = Kills in this place as a percentage of kills in the entire game.
 B = Kills by you in this place as a percentage of kills by you in the entire game.
 C = Kills by friends in this place as a percentage of kills by friends in the entire game.
 D = Other kills in this place as a percentage of other kills in the entire game.
 E = Experience gained in this place as a percentage of experience gained in the entire game.
 F = Experience gained in this place divided by the number of levels of this place that you have seen.
                   A       B       C       D       E      F
               +-------+-------+-------+-------+-------+----------------------
         Total | 100.0 | 100.0 |   N/A |   N/A | 100.0 |  39.0
       Dungeon |  42.9 |  42.9 |   N/A |   N/A |  41.7 |  21.7
         Sewer |  57.1 |  57.1 |   N/A |   N/A |  58.3 |  91.0
               +-------+-------+-------+-------+-------+----------------------
